Map: Overgrowth LE (Void)

Players

Fropez

  • Race: Protoss Protoss
  • League: Gold
  • Spawn Location: 7:00

CreamDipFlex - Winner!

  • Race: Terran Terran
  • League: Platinum
  • Spawn Location: 1:00

VOD

Have the link to the VOD?

Description

Time

  • Played on: Nov. 29, 2016, 3:24 p.m.
  • Length: 7:15
Show
View Real Time Build Order
Export as new Build Order

Fropez Protoss 

Build Orders: 1 Gate Expand 

Get SALT Encoding   

  12  0:01  Probe (Chrono Boost)  
  13  0:12  Probe (Chrono Boost)  
  14  0:20  Pylon  
  14  0:23  Probe (Chrono Boost)  
  15  0:29  Assimilator  
  15  0:38  Probe (Chrono Boost)  
  16  0:46  Gateway  
  16  0:49  Probe (Chrono Boost)  
  17  0:59  Probe (Chrono Boost)  
  18  1:04  Assimilator  
  18  1:10  Probe (Chrono Boost)  
  19  1:18  Pylon  
  19  1:20  Probe (Chrono Boost)  
  20  1:42  Nexus  
  20  1:46  Probe (Chrono Boost)  
  21  2:07  Probe (Chrono Boost)  
  22  2:17  Probe (Chrono Boost)  
  22  2:21  Gateway  
  23  2:27  Pylon  
  23  2:41  Zealot  
  21  3:01  Cybernetics Core  
  21  3:03  Probe (Chrono Boost)  
  21  3:07  Pylon  
  19  3:23  Zealot x2  
  22  3:38  Warp Gate, Mothership Core (Chrono Boost)  
  25  3:41  Probe (Chrono Boost)  
  25  3:52  Probe (Chrono Boost)  
  24  3:56  Probe (Chrono Boost)  
  24  4:02  Probe (Chrono Boost)  
  25  4:07  Probe (Chrono Boost)  
  24  4:13  Probe (Chrono Boost)  
  24  4:17  Probe (Chrono Boost)  
  23  4:29  Probe (Chrono Boost)  
  20  4:54  Probe (Chrono Boost)  
  20  4:58  Stalker  
  23  5:13  Probe (Chrono Boost)  
  24  5:15  Stalker  
  24  5:20  Probe (Chrono Boost)  
  27  5:33  Twilight Council  
  27  5:44  Probe (Chrono Boost)  
  27  5:45  Probe (Chrono Boost)  
  29  5:55  Probe (Chrono Boost)  
  31  6:04  Probe (Chrono Boost), Gateway  
  31  6:13  Probe (Chrono Boost)  
  32  6:21  Probe (Chrono Boost)  
  32  6:24  Gateway  
  33  6:28  Sentry  
  33  6:29  Sentry  
  37  6:33  Probe (Chrono Boost)  
  38  6:41  Probe  
  38  6:45  Probe  
  40  6:59  Stalker  
  40  7:00  Stalker  
Show
View Real Time Build Order
Export as new Build Order

CreamDipFlex Terran - Winner!

Build Orders:  

Get SALT Encoding   

  12  0:01  SCV  
  13  0:13  SCV  
  14  0:20  Supply Depot  
  14  0:25  SCV  
  15  0:32  Refinery  
  15  0:43  Barracks  
  15  0:44  SCV  
  16  0:57  SCV  
  17  1:04  Barracks  
  17  1:09  SCV  
  18  1:17  Supply Depot  
  18  1:23  SCV  
  19  1:29  Refinery  
  19  1:32  Reaper  
  20  1:43  SCV  
  21  1:53  Barracks Reactor  
  21  1:57  Factory  
  21  1:58  Marine  
  22  2:05  Barracks Tech Lab  
  22  2:08  SCV  
  23  2:17  Barracks Reactor  
  23  2:20  SCV  
  24  2:24  Supply Depot  
  24  2:32  SCV  
  25  3:30  Marine x2  
  27  4:24  Orbital Command  
  27  4:25  Starport  
  27  4:26  Marine x2  
  27  4:27  Command Center  
  27  4:28  Stimpack  
  27  4:29  Marauder  
  30  5:03  Supply Depot, Medivac  
  30  5:04  Marine x2  
  30  5:06  Supply Depot  
  34  5:08  Marauder  
  36  5:18  Barracks  
  36  5:21  Barracks  
  36  5:22  Marine x2  
  36  5:24  Starport  
  36  5:25  Factory Reactor  
  38  5:33  Medivac  
  38  5:34  Marauder  
  42  5:40  Marine x2  
  42  5:42  Orbital Command  
  44  5:48  SCV  
  45  5:52  Refinery  
  45  6:00  SCV  
  45  6:02  Marine x2, Marauder  
  50  6:06  Barracks Reactor  
  50  6:11  Barracks Reactor  
  50  6:13  SCV  
  50  6:18  Orbital Command  
  51  6:19  Marine  
  51  6:20  Marine  
  51  6:25  SCV  
  54  6:37  SCV  
  55  6:40  Starport Tech Lab  
  55  6:42  Refinery  
  55  6:46  Marine x4, Marauder  
  61  6:49  SCV  
Tags
 
Add a new tag
Caveats
  • Supply blocks, unpowered buildings, or Contaminate may cause inaccurate times.
  • Supply counts are checked every 10 seconds.